 Dungeon Crawl Stone Soup version 0.31-a0-542-gdc2a67831c (webtiles) character file.

Game seed: 5422272056739919036

4521 arthad the Fighter (level 10, 0/82 HPs)
             Began as a Formicid Fighter on Aug 14, 2023.
             Was an Elder of Cheibriados.
             Succumbed to a killer bee's poison
             ... on level 9 of the Dungeon.
             The game lasted 00:17:19 (6750 turns).

arthad the Fighter (Formicid Fighter)               Turns: 6750, Time: 00:17:20

Health: 0/82       AC: 30    Str: 33    XL:     10   Next: 66%
Magic:  13/13      EV:  8    Int: 19    God:    Cheibriados [****..]
Gold:   179        SH:  8    Dex: 28    Spells: 9/9 levels left

rFire   . . .        X - +3 war axe
rCold   . . .        c - +0 buckler
rNeg    . . .        L - +8 orange crystal plate armour {Archmagi, Int+3 Clar}
rPois   .            (helmet unavailable)
rElec   .            i - +0 cloak
rCorr   +            K - +0 pair of gloves
SInv    +            (no boots)
Will    .....        (no amulet) Stlth
                     j - +6 ring of dexterity
HPRegen 0.33/turn    D - ring of resist corrosion
MPRegen 0.13/turn

%: clarity, archmagi
@: mighty, lethally poisoned (0 -> -9), weak-willed, invisible, very slow
A: permanent stasis, dig shafts and tunnels, antennae 3, four strong arms, fangs
1, dopey 1, screaming 1
a: Dig, Shaft Self, Renounce Religion, Bend Time, Temporal Distortion, Slouch


You were on level 9 of the Dungeon.
You worshipped Cheibriados.
Cheibriados was greatly pleased with you.
You visited 1 branch of the dungeon, and saw 9 of its levels.

You collected 435 gold pieces.
You spent 256 gold pieces at shops.

Inventory:

Hand Weapons
 a - a +0 war axe
 g - a +1 dagger of electrocution
 h - a +1 heavy hand axe
 s - the +1 short sword "Loopy" {drain, Int+3}
   (You found it on level 3 of the Dungeon)

   Int+3:     It affects your intelligence (+3).
 B - a +0 whip of flaming
 S - the +4 hand axe "Siahiale" {holy, rElec MP+9 Int-2}
   (You bought it in a shop on level 7 of the Dungeon)

   Int-2:     It affects your intelligence (-2).
   rElec:     It insulates you from electricity.
   MP+9:      It affects your magic capacity (+9).
 U - a +1 hand axe of freezing
 X - a +3 war axe (weapon)
Missiles
 J - 5 poisoned darts
 W - a curare-tipped dart
Armour
 c - a +0 buckler (worn)
 i - a +0 cloak (worn)
 C - a +2 robe of fire resistance
 K - a +0 pair of gloves (worn)
 L - the +8 orange crystal plate armour (worn) {Archmagi, Int+3 Clar}
   (You found it on level 6 of the Dungeon)

   Int+3:     It affects your intelligence (+3).
   Clar:      It protects you from confusion, rage, mesmerisation and fear.
Jewellery
 j - a +6 ring of dexterity (left hand)
 r - a ring of ice
 u - a +6 ring of dexterity
 y - a +6 ring of dexterity
 D - a ring of resist corrosion (right hand)
 I - a +6 ring of intelligence
 N - a ring of protection from fire
 R - a ring of fire
Wands
 b - a wand of charming (8)
 t - a wand of flame (42) (quivered)
 M - a wand of polymorph (6)
 P - a wand of iceblast (4)
 V - a wand of acid (6)
Scrolls
 k - 3 scrolls of torment
 l - a scroll of enchant weapon
 n - 3 scrolls of noise
 v - 2 scrolls of immolation
 w - a scroll of amnesia
 x - 10 scrolls of teleportation {unknown}
 E - 2 scrolls of fear
 G - 2 scrolls of enchant armour
 O - a scroll of vulnerability
Potions
 e - 2 potions of mutation
 m - a potion of haste {unknown}
 o - a potion of invisibility
 q - 2 potions of attraction
 z - a potion of brilliance {unknown}
 A - a potion of resistance {unknown}
 F - a potion of experience {unknown}
 H - a potion of lignification


   Skills:
 * Level 8.6 Fighting
 * Level 7.5 Axes
 + Level 3.5 Throwing
 * Level 8.6 Armour
 - Level 2.4 Dodging
 + Level 8.1 Shields
 + Level 4.0 Invocations


You had 9 spell levels left.
You didn't know any spells.
Your spell library contained the following spells:

 Spells                   Type           Power      Damage    Failure   Level
 Apportation              Tloc           0%         N/A       99%         1
 Necrotise                Necr           0%         1d4       99%         1
 Sandblast                Erth           0%         2d4       99%         1
 Summon Small Mammal      Summ           0%         N/A       99%         1
 Passwall                 Tmut/Erth      0%         N/A       100%        2
 Poisonous Vapours        Pois/Air       0%         N/A       100%        2
 Frozen Ramparts          Ice            0%         1d1       100%        3
 Inner Flame              Hex/Fire       0%         N/A       100%        3
 Mephitic Cloud           Conj/Pois/Air  0%         N/A       100%        3
 Ozocubu's Armour         Ice            0%         N/A       100%        3
 Stone Arrow              Conj/Erth      0%         3d7       100%        3
 Petrify                  Tmut/Erth      0%         N/A       100%        4
 Freezing Cloud           Conj/Ice/Air   0%         6-21      100%        5
 Metabolic Englaciation   Hex/Ice        0%         N/A       100%        5
 Yara's Violent Unravell  Hex/Tmut       0%         3d3       100%        5
 Enfeeble                 Hex            0%         N/A       100%        7
 Ozocubu's Refrigeration  Ice            0%         4d7       100%        7


Dungeon Overview and Level Annotations

Branches:
Dungeon (9/15)             Temple (0/1) D:6
   Lair: D:8-11         Orc: D:9-12

Altars:
Ashenzari
Cheibriados
Dithmenos
Elyvilon
Kikubaaqudgha
Makhleb
Vehumet

Shops:
D:7 (

Annotations:
D:4 1 runed translucent door, pokeman's ghost, novice DEHW
D:9 3 runed translucent doors, bahustanut's ghost, novice OgBe


Innate Abilities, Weirdness & Mutations

You cannot be hasted, slowed, berserked, paralysed or teleported.
You can dig through walls and to a lower floor.
You have a pair of large antennae on your head. (SInv)
Your four strong arms can wield two-handed weapons with a shield.
You have very sharp teeth.
You are dopey. (Int -2)
You occasionally shout uncontrollably at your foes.


Message History

You assume a fearsome visage.
The killer bee looks frightened! x4
You feel sick.
Cornered, the killer bee turns to fight! x3
You slash the killer bee! You bite the killer bee.
The killer bee is almost dead.
You miss the killer bee.
You feel sick.
The killer bee stings you but does no damage.
You block the killer bee's attack. x2; The killer bee closely misses you.
The killer bee stings you.
* * * LOW HITPOINT WARNING * * *
The killer bee stings you but does no damage.
You feel very mighty all of a sudden. You block the killer bee's attack.
The killer bee stings you but does no damage.
You block the killer bee's attack. The killer bee misses you.
You closely miss the killer bee. You barely miss the killer bee.
You feel sick.
The killer bee stings you but does no damage.
You block the killer bee's attack. The killer bee closely misses you.
The killer bee stings you.
* * * LOW HITPOINT WARNING * * *
You slash the killer bee!
You kill the killer bee!
Cheibriados thoroughly appreciates the change of pace.
You slash the killer bee!
You kill the killer bee!
Cheibriados thoroughly appreciates the change of pace.
You feel sick. The killer bee completely misses you. The killer bee stings you.
* * * LOW HITPOINT WARNING * * *
You are lethally poisoned!
The killer bee poisons you!
Okay, then.
You fade into invisibility!
* * * LOW HITPOINT WARNING * * *
You feel sick.
The killer bee stings you but does no damage.
The killer bee closely misses you.
The killer bee stings you but does no damage. x2
Unknown command.
Unknown command.
You die...

........8.........##.............
..................#..............
..#######.........#.[<...........
.#####..'.........#)..>..........
(###...##........).............<.
.'...####.........##.............
.##### #.....§§§.##.............
.# #....§§§§§##.......)..... .#
#.....§§@§#########)##### ##
#######§### #).## ###yy# ##..#
#{yy## ##.# #{### ########.###
,y§y{ #..........# #.yyy,
#..........# #!†.y, #..........#
+†..., #..........#


You could see 2 killer bees.

Vanquished Creatures
  Pikel (D:3)
  A queen bee (D:9)
  2 orc warriors
  5 sky beasts
  5 ogres
  A centaur (D:9)
  A lemure (D:3)
  2 phantoms
  A kobold brigand (D:9)
  2 bullfrogs
  2 gnoll sergeants
  2 scorpions
  3 wights (D:9)
  14 killer bees (D:9)
  A howler monkey (D:8)
  4 hounds
  6 jellies
  12 orc priests
  Ijyb (D:3)
  2 sleepcaps (D:7)
  2 iguanas
  8 orc wizards
  6 gnolls
  13 adders
  3 white imps
  An ufetubus (D:7)
  2 worms (D:2)
  5 dart slugs
  32 orcs
  8 endoplasms
  4 giant cockroaches
  4 goblins
  A jackal (D:2)
  4 quokkas
  9 ball pythons
  4 bats
  7 frilled lizards
  15 kobolds
  24 rats
220 creatures vanquished.

Notes
Turn   | Place    | Note
-------+----------+-------------------------------------------
     0 | D:1      | arthad the Formicid Fighter began the quest for the Orb.
     0 | D:1      | Reached XP level 1. HP: 18/18 MP: 1/1
   315 | D:1      | Reached XP level 2. HP: 24/24 MP: 2/2
  1115 | D:2      | Reached XP level 3. HP: 29/29 MP: 3/3
  1344 | D:2      | Reached XP level 4. HP: 37/37 MP: 4/4
  1382 | D:2      | Reached skill level 5 in Shields
  1382 | D:2      | Reached XP level 5. HP: 33/42 MP: 5/5
  1911 | D:3      | Identified the +1 short sword "Loopy" {drain, Int+3}
  1930 | D:3      | Noticed Ijyb
  2013 | D:3      | Killed Ijyb
  2247 | D:3      | Reached XP level 6. HP: 49/49 MP: 6/6
  2401 | D:4      | Noticed Pikel
  2418 | D:3      | Killed Pikel
  2419 | D:3      | Reached skill level 5 in Fighting
  2419 | D:3      | Reached skill level 5 in Armour
  2419 | D:3      | Reached skill level 1 in Dodging
  2419 | D:3      | Reached XP level 7. HP: 27/56 MP: 7/7
  2649 | D:4      | Found a runed translucent door.
  2649 | D:4      | Noticed pokeman's ghost (novice DEHW)
  2744 | D:4      | Reached XP level 8. HP: 63/63 MP: 8/8
  3460 | D:5      | Entered Level 5 of the Dungeon
  3574 | D:5      | Found a snail-covered altar of Cheibriados.
  3580 | D:5      | Became a worshipper of Cheibriados the Contemplative
  3583 | D:5      | Found a white marble altar of Elyvilon.
  3641 | D:5      | Reached skill level 5 in Axes
  3802 | D:5      | Found a burning altar of Makhleb.
  4088 | D:6      | Found the +8 orange crystal plate armour {Archmagi, Int+3
                  | Clar}
  4299 | D:6      | Reached XP level 9. HP: 68/71 MP: 9/9
  4336 | D:6      | Found a staircase to the Ecumenical Temple.
  4357 | D:6      | Reached skill level 1 in Invocations
  4370 | D:6      | Reached skill level 1 in Throwing
  4405 | D:6      | Reached * piety under Cheibriados
  4766 | D:6      | Found a broken altar of Ashenzari.
  5124 | D:7      | Reached ** piety under Cheibriados
  5128 | D:7      | Found a shadowy altar of Dithmenos.
  5186 | D:7      | Found Zouryvot's Antique Weapon Shop.
  5204 | D:7      | Bought a transparent hand axe for 256 gold pieces
  5204 | D:7      | Identified the +4 hand axe "Siahiale" {holy, rElec MP+9
                  | Int-2} (You bought it in a shop on level 7 of the Dungeon)
  5506 | D:8      | Reached XP level 10. HP: 79/80 MP: 12/12
  5548 | D:8      | Gained mutation: You are dopey. (Int -2) [potion of
                  | mutation]
  5548 | D:8      | Gained mutation: You occasionally shout uncontrollably at
                  | your foes. [potion of mutation]
  5548 | D:8      | Gained mutation: You have very sharp teeth. [potion of
                  | mutation]
  5915 | D:8      | Reached *** piety under Cheibriados
  6325 | D:8      | Found an ancient bone altar of Kikubaaqudgha.
  6341 | D:8      | Found a radiant altar of Vehumet.
  6615 | D:9      | Found a runed translucent gate.
  6615 | D:9      | Noticed bahustanut's ghost (novice OgBe)
  6616 | D:9      | Found a runed translucent gate.
  6617 | D:9      | Found a runed translucent gate.
  6714 | D:9      | Reached **** piety under Cheibriados
  6748 | D:9      | HP: 4/82 [killer bee (4)]
  6750 | D:9      | Succumbed to a killer bee's poison

Illustrated notes

Levels and vault maps discovered:
D:1:      orjb1_lava_funnel, layout_loops_corners, serial_bayou,
          serial_bayou_crossing, serial_bayou_lagoon_b, serial_bayou_ford_a,
          serial_bayou_pond_d, minmay_misc_feat_nine_boxes,
          wander_ebering_terrifying_dragon_lair
D:2:      kennysheep_big_flooded_room, layout_loops_ring, minmay_pentomino_pile
D:3:      layout_rooms, minmay_rat_hole, uniq_ijyb
D:4:      layout_loops_cross, hellmonk_ghost_happy_afterlife,
          dreamdust_princess_bridge, uniq_pikel
D:5:      layout_rooms, mainiacjoe_overflow_brackets,
          mainiacjoe_overflow_large_starburst
D:6:      layout_cave_pools, marbit_many_paths,
          minmay_temple_entry_statues_fountains, minivault_5,
          minmay_misc_feat_cross
D:7:      layout_basic, grunt_dithmenos_smoke, serial_shops, shop
D:8:      layout_rooms, mainiacjoe_overflow_swirl
D:9:      layout_roguey [special_room_bee], erik_orc_1,
          biasface_ghost_orc_armoury, uniq_maggie

Skill      XL: |  1  2  3  4  5  6  7  8  9 10 |
---------------+-------------------------------+-----
Fighting       | 4 5 6 7 8 |  8.6
Armour         | 4 5 6 7 8 |  8.6
Axes           | 3 4 5 6 7 |  7.5
Shields        | 5 6 7 8 |  8.1
Dodging        | 1 2 |  2.4
Invocations    | 2 4 |  4.0
Throwing       | 2 3 |  3.5

Action                     |  1- 3 |  4- 6 |  7- 9 | 10-12 || total
---------------------------+-------+-------+-------+-------++-------
  Melee: War axe           |    79 |   124 |   296 |   166 ||   665
         Bite              |       |       |       |    14 ||    14
  Evoke: Wand              |       |       |     8 |     4 ||    12
    Use: Scroll            |       |       |     2 |    12 ||    14
         Potion            |       |       |       |    10 ||    10
   Stab: Invisible         |       |       |       |     2 ||     2
         Distracted        |       |       |       |     1 ||     1
 Armour: Scale mail        |    24 |    48 |    43 |       ||   115
         Crystal plate arm |       |       |   117 |   105 ||   222
         Skin              |       |       |       |    74 ||    74
  Dodge: Dodged            |    23 |    45 |    92 |    50 ||   210
  Block: Buckler           |    16 |    36 |    83 |    86 ||   221

Table legend: (Time is in decaauts)
 A = Elapsed time spent in this place.
 B = Non-inter-level travel time spent in this place.
 C = Inter-level travel time spent in this place.
 D = Time resting spent in this place.
 E = Time spent auto-exploring this place.
 F = Levels seen in this place.
 G = Mean time per level.
                   A        B        C        D        E       F      G
               +--------+--------+--------+--------+--------+-----+--------+
         Total |   7818 |   7595 |    223 |     48 |   5729 |   9 |  868.7 |
       Dungeon |   7818 |   7595 |    223 |     48 |   5729 |   9 |  868.7 |
               +--------+--------+--------+--------+--------+-----+--------+

Top non-repeatable levels by time:
     D:8: 1133 daAuts
     D:6: 1115 daAuts
     D:4: 1090 daAuts
     D:1: 1037 daAuts
     D:2: 919 daAuts
     D:5: 725 daAuts
     D:7: 696 daAuts
     D:3: 565 daAuts
     D:9: 534 daAuts
